 Dungeon Crawl Stone Soup version 0.29-a0-409-gd843f3a48c (webtiles) character file.

Game seed: 14617022999082233607

5116 Pelinal the Nimble (level 10, -4/63 HPs)
             Began as a Merfolk Ice Elementalist on May 14, 2022.
             Was an Initiate of Ashenzari.
             Slain by a two-headed ogre
             ... wielding a +0 bardiche
              (22 damage)
             ... in a bailey on May 15, 2022.
             The game lasted 00:28:57 (9592 turns).

Pelinal the Nimble (Merfolk Ice Elementalist)       Turns: 9592, Time: 00:28:57

Health: -4/63      AC:  6    Str:  9    XL:     10   Next: 58%
Magic:  11/13      EV: 21    Int: 14    God:    Ashenzari [......]
Gold:   467        SH:  0    Dex: 19    Spells: 6/13 levels left

rFire   . . .      SeeInvis .   k - +1 trident
rCold   . . .      Faith    +   (no shield)
rNeg    . . .      Spirit   .   M - +0 steam dragon scales
rPois   .          Reflect  .   (no helmet)
rElec   .          Harm     .   (no cloak)
rCorr   +          Rampage  .   (no gloves)
Will    .....                   N - +0 pair of boots
Stlth   ++........              I - amulet of faith
HPRegen 0.20/turn               r - ring of resist corrosion
MPRegen 0.13/turn               (no ring)

@: about to teleport
A: (nimble swimmer 2), mertail
a: Renounce Religion


You were in a bailey.
You worshipped Ashenzari.
Ashenzari was noncommittal.
You visited 2 branches of the dungeon, and saw 9 of its levels.
You also visited: Bailey.

You collected 467 gold pieces.

Inventory:

Hand Weapons
 a - a +2 dagger of electrocution
 b - a +0 hunting sling
 k - a +1 trident (weapon)
 O - the +1 dagger of the Ornamental God {drain, rElec rC+++ Dex-2 Stlth-}
   (You found it on level 6 of the Dungeon)

   A truly terrible weapon, it drains the life of any living foe it strikes.
   Dex:       It affects your dexterity (-2).
   rC:        It renders you almost immune to cold.
   rElec:     It insulates you from electricity.
   Stlth:     It makes you less stealthy.
Missiles
 f - 185 stones
 E - 4 poisoned darts
 K - 5 javelins
 P - 5 curare-tipped darts
Armour
 c - a +0 robe
 i - a +0 kite shield
 C - a +1 leather armour of cold resistance
 M - +0 steam dragon scales (worn)
 N - a +0 pair of boots (worn)
Jewellery
 r - a ring of resist corrosion (left hand)
 I - an amulet of faith (around neck)
Wands
 G - a wand of charming (13)
Scrolls
 j - a scroll of magic mapping {unknown}
 l - 3 scrolls of poison
 n - a scroll of brand weapon {unknown}
 s - a scroll of acquirement {unknown}
 t - 3 scrolls of teleportation
 u - a scroll of enchant weapon
 w - 2 scrolls of fog
 D - a scroll of vulnerability
 H - 2 scrolls of amnesia {unknown}
 J - a scroll of fear {unknown}
Potions
 d - a potion of invisibility {unknown}
 e - a potion of magic
 g - a potion of haste {unknown}
 h - a potion of berserk rage {unknown}
 m - 3 potions of heal wounds
 o - 3 potions of brilliance
 q - 2 potions of curing
 A - a potion of might {unknown}
 F - 3 potions of mutation
 L - a potion of attraction {unknown}


   Skills:
 + Level 12.7 Polearms
 + Level 13.1 Dodging
 - Level 2.3 Stealth
 - Level 2.1 Spellcasting
 - Level 8.0 Ice Magic


You had 6 spell levels left.
You knew the following spells:

 Your Spells              Type           Power      Damage    Failure   Level
a - Freeze                Ice            96%        1d11      1%          1
b - Frozen Ramparts       Ice            48%        1d6       2%          3
c - Ozocubu's Armour      Ice            24%        N/A       2%          3

Your spell library contained the following spells:

 Spells                   Type           Power      Damage    Failure   Level
 Slow                     Hex            4%         N/A       24%         1
 Blink                    Tloc           2%         N/A       34%         2
 Hailstorm                Conj/Ice       12%        3d5       41%         4
 Confusing Touch          Hex            1%         N/A       56%         3
 Dazzling Flash           Conj/Hex       2%         N/A       56%         3
 Lesser Beckoning         Tloc           1%         N/A       56%         3
 Summon Guardian Golem    Hex/Summ       1%         N/A       56%         3
 Vampiric Draining        Necr           1%         2d6       56%         3
 Agony                    Necr           1%         N/A       100%        5
 Manifold Assault         Tloc           1%         N/A       100%        5
 Silence                  Hex/Air        0%         N/A       100%        5
 Summon Forest            Summ/Tloc      0%         N/A       100%        5
 Summon Mana Viper        Hex/Summ       1%         N/A       100%        5
 Summon Cactus Giant      Summ           0%         N/A       100%        6
 Orb of Destruction       Conj           0%         9d5       100%        7
 Spellforged Servitor     Conj/Summ      0%         N/A       100%        7


Dungeon Overview and Level Annotations

Branches:
Dungeon (8/15)             Temple (1/1) D:7          Bailey (1/1)
   Lair: D:8-11

Altars:
Ashenzari
Vehumet


Innate Abilities, Weirdness & Mutations

((You are very nimble when in or above water. (Stealth+, EV+, Speed+++)))
Your lower body shifts to a powerful aquatic tail in water.


Message History

The two-headed ogre is lightly wounded.
Throw: 6 darts (poison)
Press: ? - help, Shift-Dir - straight line, f/p - two-headed ogre
Aim: a two-headed ogre, wielding a +0 bardiche and a +0 glaive (lightly wounded, very poisoned, slow, 75% to hit)
You throw a poisoned dart.
The poisoned dart barely misses the two-headed ogre.
Throw: 3 darts (atropa)
Press: ? - help, Shift-Dir - straight line, f/p - two-headed ogre
Aim: a two-headed ogre, wielding a +0 bardiche and a +0 glaive (lightly wounded, very poisoned, slow, 75% to hit, chance to blind on hit: 3%)
You throw an atropa-tipped dart.
The atropa-tipped dart hits the two-headed ogre.
The two-headed ogre resists.
The two-headed ogre is lightly wounded.
You hear a splash.
Throw: 2 darts (atropa)
Press: ? - help, Shift-Dir - straight line, f/p - two-headed ogre
Aim: a two-headed ogre, wielding a +0 bardiche and a +0 glaive (lightly wounded, very poisoned, slow, 75% to hit, chance to blind on hit: 3%)
You throw an atropa-tipped dart.
The atropa-tipped dart barely misses the two-headed ogre.
Throw: dart (atropa)
Press: ? - help, Shift-Dir - straight line, f/p - two-headed ogre
Aim: a two-headed ogre, wielding a +0 bardiche and a +0 glaive (lightly wounded, very poisoned, slow, 75% to hit, chance to blind on hit: 3%)
You throw an atropa-tipped dart.
The atropa-tipped dart hits the two-headed ogre.
The two-headed ogre resists.
The two-headed ogre is lightly wounded.
You hear a splash.
Throw: 5 darts (poison)
Press: ? - help, Shift-Dir - straight line, f/p - two-headed ogre
Aim: a two-headed ogre, wielding a +0 bardiche and a +0 glaive (lightly wounded, very poisoned, slow, 75% to hit)
You throw a poisoned dart.
The poisoned dart hits the two-headed ogre.
The two-headed ogre is lightly wounded.
You hear a splash.
The two-headed ogre is no longer moving slowly.
The two-headed ogre misses you. x2
As you read the scroll of teleportation, it crumbles to dust.
You feel strangely unstable. The two-headed ogre closely misses you.
The two-headed ogre hits you from afar with a +0 glaive!!
You die...

##≈≈(≈≈##
#≈≈)()#
###≈≈≈≈(###
##.........##
##...........##
#....∩...∩....#
##......O....##
##.........##
###.@...###
#######


You could see a two-headed ogre (poisoned).

Vanquished Creatures
  Pikel (D:6)
  Maggie (D:6)
  A spriggan (Bailey)
  A wraith (D:6)
  3 steam dragons
  Eustachio (D:6)
  3 water moccasins
  A black bear (D:7)
  An ice beast (D:5)
  3 orc warriors
  8 ogres
  2 centaurs
  A lemure (D:6)
  2 phantoms
  A gnoll sergeant (D:7)
  A necrophage (D:4)
  3 scorpions
  4 wights (D:7)
  6 killer bees (D:7)
  A howler monkey (D:5)
  An orc priest (D:6)
  A hound (D:4)
  A jelly (D:5)
  4 iguanas
  5 orc wizards
  Robin (D:2)
  7 adders
  A white imp (D:6)
  4 worms
  4 dart slugs
  34 orcs
  8 endoplasms
  7 giant cockroaches
  17 goblins
  14 hobgoblins
  4 jackals
  4 quokkas
  5 ball pythons
  11 bats
  6 frilled lizards
  10 kobolds
  8 rats
202 creatures vanquished.

Vanquished Creatures (collateral kills)
  A spriggan (Bailey)
  A water moccasin (D:7)
  4 wights (D:7)
6 creatures vanquished.

Grand Total: 208 creatures vanquished

Notes
Turn   | Place    | Note
-------+----------+-------------------------------------------
     0 | D:1      | Pelinal the Merfolk Ice Elementalist began the quest for
                  | the Orb.
     0 | D:1      | Reached XP level 1. HP: 13/13 MP: 3/3
    82 | D:1      | Found a faded altar of an unknown god.
   207 | D:1      | Reached XP level 2. HP: 19/19 MP: 5/5
   736 | D:1      | Reached skill level 5 in Ice Magic
   798 | D:1      | Reached XP level 3. HP: 24/24 MP: 3/6
  1127 | D:2      | Learned a level 3 spell: Frozen Ramparts
  1389 | D:2      | Noticed Robin
  1402 | D:2      | Killed Robin
  1403 | D:2      | Reached XP level 4. HP: 20/30 MP: 1/7
  2288 | D:2      | Learned a level 3 spell: Ozocubu's Armour
  2460 | D:3      | Reached XP level 5. HP: 34/35 MP: 4/8
  3604 | D:4      | Noticed an ogre
  3646 | D:4      | Killed an ogre
  3647 | D:4      | Reached XP level 6. HP: 41/41 MP: 2/9
  3761 | D:4      | Reached skill level 1 in Polearms
  3761 | D:4      | Reached skill level 3 in Dodging
  4044 | D:4      | Reached skill level 4 in Dodging
  4080 | D:4      | Reached XP level 7. HP: 37/46 MP: 4/10
  4463 | D:5      | Entered Level 5 of the Dungeon
  4489 | D:5      | Reached skill level 5 in Dodging
  4563 | D:5      | Reached skill level 5 in Polearms
  4566 | D:5      | Reached skill level 6 in Dodging
  4588 | D:5      | Reached XP level 8. HP: 41/52 MP: 4/11
  4788 | D:5      | Reached skill level 7 in Dodging
  5411 | D:6      | Noticed Eustachio
  5427 | D:6      | Killed Eustachio
  5429 | D:6      | Reached skill level 8 in Dodging
  5593 | D:6      | Noticed a wraith
  5652 | D:6      | Noticed Pikel
  5663 | D:6      | Killed Pikel
  5664 | D:6      | Reached skill level 9 in Dodging
  5664 | D:6      | Reached XP level 9. HP: 26/57 MP: 2/12
  6072 | D:6      | Noticed Maggie
  6091 | D:6      | Killed Maggie
  6092 | D:6      | Reached skill level 10 in Dodging
  6824 | D:6      | Reached skill level 10 in Polearms
  6833 | D:6      | Identified the +1 dagger of the Ornamental God {drain,
                  | rElec rC+++ Dex-2 Stlth-}
  7683 | D:7      | Reached skill level 11 in Dodging
  8022 | D:7      | Found a staircase to the Ecumenical Temple.
  8128 | Temple   | Entered the Ecumenical Temple
  8165 | Temple   | Became a worshipper of Ashenzari the Shackled
  8350 | D:7      | Reached XP level 10. HP: 58/63 MP: 5/13
  8458 | D:7      | Reached skill level 12 in Dodging
  8805 | D:7      | Found a radiant altar of Vehumet.
  9199 | D:8      | Found a flagged portal.
  9243 | Bailey   | Entered a bailey
  9401 | Bailey   | Reached skill level 13 in Dodging
  9554 | Bailey   | Noticed a two-headed ogre
  9592 | Bailey   | Slain by a two-headed ogre

Illustrated notes

Levels and vault maps discovered:
D:1:      dpeg_arrival_arbitrary_b, layout_basic,
          dreamdust_ecumenical_altar_statues
D:2:      minmay_recursive_quarters, layout_rooms, wad_orctagon, uniq_robin
D:3:      layout_loops_ring, kennysheep_cluttered_room,
          chequers_serial_rivers_micro_a, minmay_joined_circles
D:4:      wander_river, layout_rooms
D:5:      layout_rooms, minmay_holes, minmay_misc_feat_four_crosses,
          kennysheep_generic_room_8
D:6:      layout_basic, uniq_pikel, uniq_eustachio, uniq_maggie
D:7:      layout_basic, lemuel_coloured_pillars_altar,
          minmay_temple_entry_fiery, sword_in_stone
D:8:      layout_rooms, enter_bailey_4, eino_tiny_chamber
Temple:   mainiacjoe_temple_trianglar_array
Bailey:   bailey_polearm_enchanted_keep_hellmonk, bailey

Skill      XL: |  1  2  3  4  5  6  7  8  9 10 |
---------------+-------------------------------+-----
Ice Magic      | 5 6 8 |  8.0
Polearms       | 3 5 8 11 12 | 12.7
Dodging        | 4 6 9 11 13 | 13.1
Stealth        | |  2.3
Spellcasting   | |  2.1

Action                   |  1- 3 |  4- 6 |  7- 9 | 10-12 || total
-------------------------+-------+-------+-------+-------++-------
Melee: Dagger            |     6 |    42 |    18 |       ||    66
       Trident           |       |       |   119 |    99 ||   218
       Punch             |       |       |     3 |     1 ||     4
       Tailslap          |       |       |       |     4 ||     4
 Fire: Hunting sling     |    61 |    51 |    43 |       ||   155
Throw: Dart              |       |       |       |     6 ||     6
 Cast: Freeze            |    25 |    18 |    34 |     9 ||    86
       Frozen Ramparts   |     2 |    13 |    27 |    14 ||    56
       Ozocubu's Armour  |       |     1 |     9 |    12 ||    22
Evoke: Wand              |       |     4 |     7 |     1 ||    12
  Use: Scroll            |     1 |     1 |    11 |     3 ||    16
       Potion            |       |       |     4 |     1 ||     5
 Stab: Sleeping          |       |     6 |     4 |     1 ||    11
       Paralysed         |       |       |    10 |       ||    10
       Distracted        |       |       |     1 |     1 ||     2
Armor: Robe              |     5 |     7 |       |       ||    12
       Leather armour    |       |     1 |    24 |       ||    25
       Skin              |       |       |    39 |     7 ||    46
       Steam dragon scal |       |       |     9 |    10 ||    19
Dodge: Dodged            |    20 |    46 |   124 |   109 ||   299

Table legend: (Time is in decaauts)
 A = Elapsed time spent in this place.
 B = Non-inter-level travel time spent in this place.
 C = Inter-level travel time spent in this place.
 D = Time resting spent in this place.
 E = Time spent auto-exploring this place.
 F = Levels seen in this place.
 G = Mean time per level.
                   A        B        C        D        E       F      G
               +--------+--------+--------+--------+--------+-----+--------+
         Total |   9584 |   9057 |    527 |   2445 |   4670 |  10 |  958.4 |
       Dungeon |   9184 |   8682 |    502 |   2238 |   4611 |   8 | 1148.0 |
        Temple |     67 |     42 |     25 |      0 |     33 |   1 |   67.0 |
        Bailey |    331 |    331 |      0 |    207 |     25 |   1 |  331.0 |
               +--------+--------+--------+--------+--------+-----+--------+

Top non-repeatable levels by time:
     D:6: 1948 daAuts
     D:7: 1847 daAuts
     D:2: 1428 daAuts
     D:1: 1053 daAuts
     D:4: 1025 daAuts
     D:3: 972 daAuts
     D:5: 856 daAuts
  Bailey: 331 daAuts
  Temple: 67 daAuts
     D:8: 52 daAuts
